 Dungeon Crawl Stone Soup version 0.17-a0-2179-g6177076 (webtiles) character file.

4699 HenryFlower the Grappler (level 10, -24/81 HPs)
             Began as a Troll Enchanter on Oct 26, 2015.
             Was a Believer of Okawaru.
             Killed from afar by Erica (26 damage)
             ... with a wand of draining
             ... on level 8 of the Dungeon.
             The game lasted 00:23:32 (7594 turns).

HenryFlower the Grappler (Troll Enchanter)          Turns: 7594, Time: 00:23:32

Health: -24/81     AC:  7    Str: 18    XL:     10   Next: 21%
Magic:  10/10      EV:  9    Int: 11    God:    Okawaru [**....]
Gold:   329        SH:  0    Dex: 13    Spells: 1 memorised, 10 levels left

rFire  . . .     SeeInvis +       - Unarmed
rCold  + . .     Clarity  .     b - +1 robe
rNeg   . . .     SustAt   .     (no shield)
rPois  .         Gourm    +     (helmet restricted)
rElec  .         Spirit   .     r - +0 cloak
rCorr  .         Warding  .     (gloves unavailable)
rMut   .         Stasis   .     (boots unavailable)
MR     .....                    (no amulet)
Stlth  +.........               e - ring of see invisible
                                k - ring of protection from cold

@: very slightly contaminated, hasted and slowed, drained, not resistant to
hostile enchantments, very unstealthy
A: unfitting armour, claws 3, fast metabolism 3, gourmand, regeneration 2,
shaggy fur 1, tough skin 2
a: Heroism, Renounce Religion


You were on level 8 of the Dungeon.
You worshipped Okawaru.
Okawaru was pleased with you.
You were very full.

You visited 2 branches of the dungeon, and saw 9 of its levels.
You also visited: Sewer.

You collected 329 gold pieces.

Inventory:

Hand Weapons
 a - a +1 dagger
Missiles
 g - 26 poisoned needles
 i - 8 tomahawks
 E - 6 large rocks
 G - 3 tomahawks of returning (quivered)
Armour
 b - a +1 robe (worn)
 r - a +0 cloak (worn)
Jewellery
 e - a ring of see invisible (right claw)
 k - a ring of protection from cold (left claw)
 I - a +2 ring of intelligence {unknown}
Wands
 y - a wand of magic darts (2)
 z - a wand of frost (15)
 F - a wand of random effects (43)
 K - a wand of frost (26)
Scrolls
 h - 2 scrolls of immolation
 j - 2 scrolls of blinking {unknown}
 l - a scroll of teleportation
 m - 6 scrolls of magic mapping {unknown}
 o - 3 scrolls of fog {unknown}
 s - 2 scrolls of fear {unknown}
 w - 4 scrolls of remove curse {unknown}
 A - a scroll of enchant weapon {unknown}
 B - a scroll of torment {unknown}
Potions
 p - a potion of brilliance
 v - 3 potions of flight
 x - 2 potions of magic
Books
 c - a book of Maledictions

   Spells                             Type                      Level
   a - Corona                         Hexes                        1
   b - Ensorcelled Hibernation        Hexes/Ice                    2
   c - Confuse                        Hexes                        3
   d - Tukima's Dance                 Hexes                        3
   e - Dazzling Spray                 Conjuration/Hexes            3
 J - a book of Alchemy

   Spells                             Type                      Level
   a - Sublimation of Blood           Necromancy                   2
   b - Ignite Poison                  Fire/Transmutation/Poison    3
   c - Alistair's Intoxication        Transmutation/Poison         4
   d - Condensation Shield            Ice                          4
   e - Petrify                        Transmutation/Earth          4
   f - Irradiate                      Conjuration/Transmutation    5
Comestibles
 d - 7 bread rations
 n - 4 meat rations
 q - 3 beef jerkies
 t - 3 fruits
 D - a slice of pizza


   Skills:
 - Level 0.7(0.1) Short Blades
 + Level 4.7(4.1) Throwing
 - Level 1.5(1.0) Dodging
 - Level 1.7(1.2) Stealth
 * Level 13.4(12.7) Unarmed Combat
 - Level 1.2(0.7) Spellcasting
 - Level 2.0(1.4) Hexes


You had 10 spell levels left.
You knew the following spells:

 Your Spells              Type           Power        Failure   Level  Hunger
a - Corona                Hex            #......      21%         1    ##.....


Dungeon Overview and Level Annotations

Branches:
Dungeon (8/15)             Temple (1/1) D:6
   Lair: D:8-11

Altars:
Ashenzari
Cheibriados
Dithmenos
Fedhas
Kikubaaqudgha
Makhleb
Nemelex Xobeh
Okawaru
Qazlal
Ru
Trog
Vehumet
Xom
Yredelemnul
Zin

Shops:
D:6 (   D:8 =

Annotations:
D:8 Erica


Innate Abilities, Weirdness & Mutations

You are too large for most types of armour.
You have claws for hands.
Your metabolism is lightning-fast.
You like to eat raw meat.
You heal very quickly.
You are covered in fur (AC +1).
You have very tough skin (AC +2).


Message History

Erica is lightly wounded.
Erica hits you with a scimitar of flaming!
* * * LOW HITPOINT WARNING * * *
Erica burns you.
* * * LOW HITPOINT WARNING * * *
You mangle Erica!!
Erica is moderately wounded.
You scratch Erica.
Erica is moderately wounded.
Erica screams, "Die!"
Erica hits you with a scimitar of flaming!
* * * LOW HITPOINT WARNING * * *
Erica burns you.
* * * LOW HITPOINT WARNING * * *
You closely miss Erica.
Erica is moderately wounded.
You scratch Erica but do no damage.
Erica is moderately wounded.
Erica zaps a wand.
The bolt of negative energy hits you!
You feel drained.
You die...

....##. ....<.
...... #.....
...... #..... #...
#..... ## #...
.....##<# #...
......###....#
#... #.@∩..##....
#... #.@...##....
##.o. ##....##...
#...l #.........
#...# #....###.#
#...#
#....###.#####...#
#....#....).......
#####....#########
#...)# #....#


You could see Erica.

Vanquished Creatures
  An unseen horror (D:5)
  The ghost of worldfamousw the Slicer, a novice HaSk of Okawaru (D:6)
  Sigmund (D:5)
  A hungry ghost (D:5)
  A hippogriff (D:3)
  A water moccasin (D:8)
  Duvessa (D:7)
  3 ice beasts
  A sky beast (D:7)
  Purgy (Sewer)
  3 orc warriors
  4 centaurs
  An ogre (D:6)
  A phantom (D:4)
  A gnoll sergeant (D:5)
  4 giant frogs
  A wyvern zombie (D:8)
  Dowan (D:7)
  6 killer bees (D:8)
  3 scorpions
  3 wights (D:7)
  3 hounds
  A jelly (D:6)
  2 crimson imps
  Ijyb (D:2)
  A giant frog skeleton (D:5)
  5 orc priests
  5 orc wizards
  2 iguanas (D:7)
  5 worker ants
  A hound skeleton (D:7)
  A worker ant zombie (D:8)
  3 gnolls (D:6)
  11 adders
  A shadow imp (D:8)
  2 adder skeletons (D:5)
  4 worms
  5 giant geckos
  20 orcs
  5 ball pythons
  A bat zombie (D:4)
  4 giant cockroaches
  5 hobgoblins
  3 bats (D:2)
  A giant cockroach zombie (D:6)
  6 giant newts
  5 goblins
  11 jackals
  A jackal skeleton (D:5)
  5 kobolds
  5 quokkas
  10 rats
175 creatures vanquished.

Notes
Turn   | Place    | Note
--------------------------------------------------------------
     0 | D:1      | HenryFlower the Troll Enchanter began the quest for the Orb.
     0 | D:1      | Reached XP level 1. HP: 16/16 MP: 1/1
   355 | D:1      | Reached skill level 1 in Unarmed Combat
  1049 | D:2      | Reached XP level 2. HP: 24/24 MP: 2/2
  1458 | D:2      | Reached XP level 3. HP: 28/31 MP: 3/3
  1639 | D:2      | Noticed Ijyb
  1655 | D:2      | Killed Ijyb
  1655 | D:2      | Reached skill level 3 in Unarmed Combat
  1804 | D:2      | Reached XP level 4. HP: 39/39 MP: 4/4
  1953 | D:2      | Reached skill level 4 in Unarmed Combat
  2072 | D:3      | Noticed a hippogriff
  2127 | D:3      | Killed a hippogriff
  2127 | D:3      | Reached skill level 5 in Unarmed Combat
  2127 | D:3      | Reached XP level 5. HP: 24/45 MP: 5/5
  2659 | D:4      | Found a bloodstained altar of Trog.
  2730 | D:4      | Reached skill level 6 in Unarmed Combat
  2730 | D:4      | Reached XP level 6. HP: 44/53 MP: 6/6
  2784 | D:4      | Found a glowing drain.
  2792 | Sewer    | Entered a sewer
  2983 | Sewer    | Noticed Purgy
  2991 | Sewer    | Killed Purgy
  3219 | D:4      | Found an ancient bone altar of Kikubaaqudgha.
  3312 | D:4      | Reached skill level 7 in Unarmed Combat
  3679 | D:5      | Entered Level 5 of the Dungeon
  3679 | D:5      | Noticed a hungry ghost
  3688 | D:4      | Reached XP level 7. HP: 41/59 MP: 5/7
  3825 | D:5      | Reached skill level 8 in Unarmed Combat
  4177 | D:5      | Reached skill level 9 in Unarmed Combat
  4230 | D:5      | Killed a hungry ghost
  4230 | D:5      | Reached XP level 8. HP: 65/67 MP: 8/8
  4360 | D:5      | Noticed Sigmund
  4513 | D:5      | Noticed an unseen horror
  4521 | D:5      | Killed an unseen horror
  4521 | D:5      | Reached skill level 11 in Unarmed Combat
  4829 | D:6      | Found a sparkling altar of Nemelex Xobeh.
  4836 | D:6      | Found a shimmering altar of Xom.
  4885 | D:6      | Reached XP level 9. HP: 54/74 MP: 9/9
  5081 | D:6      | Found Sotub's Antique Weapon Emporium.
  5179 | D:6      | Noticed worldfamousw's ghost (novice HaSk)
  5211 | D:6      | Killed worldfamousw's ghost
  5211 | D:6      | Reached skill level 1 in Throwing
  5211 | D:6      | Reached skill level 12 in Unarmed Combat
  5395 | D:6      | Found a blossoming altar of Fedhas.
  5522 | D:6      | Found a stormy altar of Qazlal.
  6028 | D:6      | Found a staircase to the Ecumenical Temple.
  6073 | Temple   | Entered the Ecumenical Temple
  6081 | Temple   | Became a worshipper of Warmaster Okawaru
  6236 | D:5      | Killed Sigmund
  6357 | D:7      | Found a radiant altar of Vehumet.
  6358 | D:7      | Noticed Duvessa
  6359 | D:7      | Found a glowing silver altar of Zin.
  6359 | D:7      | Found a shattered altar of Ashenzari.
  6360 | D:7      | Noticed Dowan
  6369 | D:7      | Killed Duvessa
  6391 | D:7      | Killed Dowan
  6726 | D:7      | Reached * piety under Okawaru
  6916 | D:7      | Reached skill level 13 in Unarmed Combat
  7147 | D:7      | Reached XP level 10. HP: 81/81 MP: 10/10
  7540 | D:8      | Reached ** piety under Okawaru
  7581 | D:8      | Found Kuisag's Jewellery Boutique.
  7584 | D:8      | Noticed Erica
  7592 | D:8      | HP: 2/81 [Erica/scimitar of flaming (7)]
  7594 | D:8      | Killed from afar by Erica

Vault maps used:
D:1:      dpeg_arrival_water_temple_mockup
D:2:      first_bread, uniq_iyjb
D:4:      lemuel_zombie_altar_kikubaaqudgha, lightli_sewer_entry_pipes,
          trog_three_pillars_becter
D:5:      uniq_sigmund
D:6:      overflow_temple_1_default, overflow_temple_1_default,
          minmay_temple_entry_nine_rooms, serial_shops,
          nicolae_shop_behind_doors, basic_altar, xom_teletrap_fun
D:7:      grunt_temple_overflow_open, uniq_duvessa
D:8:      serial_shops, shop, uniq_erica
Temple:   circular_temple_12
Sewer:    sewer_co_purgy_island

Action                   |  1- 3 |  4- 6 |  7- 9 | 10-12 || total
-------------------------+-------+-------+-------+-------++-------
Melee: Unarmed           |    65 |   111 |   323 |    78 ||   577
Throw: Tomahawk          |     1 |     4 |     8 |       ||    13
       Large rock        |       |       |     3 |       ||     3
 Cast: Corona            |       |    11 |    10 |       ||    21
Evoke: Wand              |       |     4 |     1 |       ||     5
  Use: Scroll            |       |     6 |     5 |     3 ||    14
       Potion            |       |     2 |     3 |     4 ||     9
 Stab: Sleeping          |     1 |       |     3 |       ||     4
  Eat: Chunk             |    12 |    24 |    41 |     3 ||    80
       Bread ration      |     1 |       |       |       ||     1
